 Dungeon Crawl Stone Soup version 0.26-a0-54-g15ccc7ae60 (webtiles) character file.

Game seed: 3262665525954303429

2265 Ozzies the Fighter (level 9, -5/86 HPs)
             Began as a Minotaur Berserker on June 7, 2020.
             Was an Elder of Trog.
             Engulfed by a cloud of freezing vapour (9 damage)
             ... on level 6 of the Dungeon.
             The game lasted 00:15:43 (6765 turns).

Ozzies the Fighter (Minotaur Berserker)             Turns: 6765, Time: 00:15:44

Health: -5/86      AC: 12    Str: 25    XL:     9   Next: 16%
Magic:  8/8        EV: 14    Int: 10    God:    Trog [****..]
Gold:   281        SH:  0    Dex: 10    Spells: 8/8 levels left

rFire    . . .     SeeInvis .   C - +2 hand axe (elec)
rCold    . . .     Gourm    .   (no shield)
rNeg     . . .     Faith    .   F - +0 chain mail
rPois    .         Spirit   .   (helmet restricted)
rElec    .         Reflect  .   (no cloak)
rCorr    .         Harm     .   d - +0 pair of gloves
MR       .....                  j - +0 pair of boots
Stlth    ..........             (no amulet)
HPRegen  0.24/turn              z - +4 ring of evasion
MPRegen  0.11/turn              K - +6 ring of intelligence

@: no status effects
A: retaliatory headbutt, horns 2
a: Berserk, Trog's Hand, Brothers in Arms, Renounce Religion


You were on level 6 of the Dungeon.
You worshipped Trog.
Trog was greatly pleased with you.
You were hungry.

You visited 1 branch of the dungeon, and saw 6 of its levels.
You also visited: Sewer.

You collected 281 gold pieces.

Inventory:

Hand Weapons
 m - a +0 mace of protection
 C - a +2 hand axe of electrocution (weapon)
 J - a +2 vorpal flail
Armour
 b - a +0 animal skin
 d - a +0 pair of gloves (worn)
 e - a +0 scale mail
 j - a +0 pair of boots (worn)
 F - a +0 chain mail (worn)
Jewellery
 z - a +4 ring of evasion (left hand)
 K - a +6 ring of intelligence (right hand)
Wands
 x - a wand of acid (2)
 H - a wand of polymorph (5)
 L - a wand of flame (19)
 M - a wand of iceblast (8)
Scrolls
 f - 6 scrolls of identify {unknown}
 g - 2 scrolls of random uselessness {unknown}
 i - 4 scrolls of fog {unknown}
 l - 3 scrolls of teleportation {unknown}
 n - 2 scrolls of immolation {unknown}
 o - a scroll of noise {unknown}
 p - 5 scrolls of remove curse {unknown}
 w - 2 scrolls of amnesia {unknown}
 y - a scroll of blinking {unknown}
 A - a scroll of fear {unknown}
Potions
 a - a potion of degeneration {unknown}
 h - 2 potions of curing {unknown}
 k - 2 potions of might {unknown}
 q - 2 potions of flight {unknown}
 r - 2 potions of cancellation {unknown}
 s - 3 potions of heal wounds {unknown}
 t - 3 potions of lignification {unknown}
 u - 2 potions of haste {unknown}
 v - 2 potions of magic {unknown}
 B - 5 potions of ambrosia {unknown}
 D - a potion of mutation {unknown}
 E - a potion of resistance {unknown}
 G - a potion of brilliance {unknown}
 I - a potion of berserk rage {unknown}
Comestibles
 c - 16 rations


   Skills:
 * Level 10.7 Fighting
 * Level 9.0 Axes
 - Level 0.4(5.5) Maces & Flails
 + Level 5.8 Armour
 + Level 3.9 Dodging


You had 8 spell levels left.
You didn't know any spells.
Your spell library was empty.

Dungeon Overview and Level Annotations

Branches:
Dungeon (6/15)             Temple (0/1) D:6           Sewer (visited)

Altars:
Dithmenos
The Shining One


Innate Abilities, Weirdness & Mutations

You reflexively headbutt those who attack you in melee.
You have a pair of horns on your head.


Message History

Partly explored, can't reach some items.
Search for what [Enter for "."]? .
Sorry, I don't know how to get there.
Search for what [Enter for "."]?
Okay, then.
Search for what [Enter for "."]? .
You open the door.
Really walk into a travel-excluded area? [Y]es or [N]o only, please.
Really walk into a travel-excluded area?
There is an open door here.
You are engulfed in freezing vapours.
You are engulfed in freezing vapours.
You are engulfed in freezing vapours.
You are engulfed in freezing vapours.
* * * LOW HITPOINT WARNING * * *
You are engulfed in freezing vapours.
* * * LOW HITPOINT WARNING * * *
You are engulfed in freezing vapours.
You die...

#######........#..##..#....###.#.
#......................#.#.
#.[#....###..#.#.#...#.#.#.
##.####.# ##...#.#.......#.
######......# #...#.#...#.###.
###......####.#####..#.......###.
....#########..........#.......(.
#################'##.#.#.(.#...##
....§§§☼☼☼☼☼☼☼☼☼@..#.#.#....#.#..
.###################.....#..#....
.......☼☼☼☼☼☼☼☼%$?)#......##....#
####################.#.......>...
####...##.................#....##
##................##...#....#..
#....##.##<.)....###...#..#.#..
#..).##.####.#..........##...#.
###....##.# #...<...............


There were no monsters in sight!

Vanquished Creatures
  Sigmund (D:6)
  Eustachio (D:6)
  Edmund (D:5)
  A phantom (D:4)
  An ice beast (D:5)
  A black bear (D:6)
  A centaur (D:5)
  6 big kobolds (Sewer)
  A howler monkey (D:5)
  A jelly (D:5)
  A centaur skeleton (D:5)
  5 orc priests
  5 hounds
  5 orc wizards
  Jessica (D:2)
  5 iguanas
  Ijyb (D:3)
  3 worker ants
  4 gnolls (D:4)
  3 river rats (Sewer)
  5 adders
  4 oozes
  An adder skeleton (D:5)
  6 worms
  10 leopard geckos
  28 orcs
  7 giant cockroaches
  4 goblins
  8 hobgoblins
  3 jackals (D:6)
  A quokka (D:4)
  5 ball pythons
  8 bats
  12 frilled lizards
  7 kobolds
  19 rats
176 creatures vanquished.

Notes
Turn   | Place    | Note
-------+----------+-------------------------------------------
     0 | D:1      | Ozzies the Minotaur Berserker began the quest for the Orb.
     0 | D:1      | Reached XP level 1. HP: 19/19 MP: 0/0
   503 | D:1      | Reached XP level 2. HP: 27/27 MP: 1/1
   555 | D:1      | Reached skill level 4 in Fighting
   983 | D:1      | Reached XP level 3. HP: 33/33 MP: 2/2
  1248 | D:2      | Reached ** piety under Trog
  1690 | D:2      | Noticed Jessica
  1691 | D:2      | Killed Jessica
  1691 | D:2      | Reached XP level 4. HP: 41/41 MP: 3/3
  2244 | D:3      | Reached skill level 5 in Fighting
  2244 | D:3      | Reached XP level 5. HP: 42/48 MP: 4/4
  2302 | D:3      | Reached skill level 5 in Axes
  2505 | D:3      | Noticed Ijyb
  2512 | D:3      | Killed Ijyb
  2531 | D:3      | Found a glowing drain.
  2539 | Sewer    | Entered a sewer
  2704 | Sewer    | Reached XP level 6. HP: 55/57 MP: 5/5
  2775 | Sewer    | Reached *** piety under Trog
  2775 | Sewer    | Reached skill level 6 in Fighting
  3013 | Sewer    | Reached XP level 7. HP: 60/64 MP: 6/6
  3221 | Sewer    | Reached skill level 7 in Fighting
  3865 | D:4      | Reached skill level 5 in Armour
  3870 | D:4      | Reached **** piety under Trog
  4402 | D:4      | Reached skill level 8 in Fighting
  4402 | D:4      | Reached XP level 8. HP: 60/74 MP: 7/7
  5362 | D:5      | Entered Level 5 of the Dungeon
  5367 | D:5      | Reached skill level 9 in Fighting
  5416 | D:5      | Found a glowing golden altar of the Shining One.
  5535 | D:5      | Reached skill level 10 in Fighting
  5730 | D:5      | Noticed Edmund
  5739 | D:5      | Killed Edmund
  5955 | D:6      | Noticed Eustachio
  5960 | D:6      | Killed Eustachio
  6003 | D:6      | Reached XP level 9. HP: 86/86 MP: 8/8
  6008 | D:6      | Noticed Sigmund
  6015 | D:6      | Killed Sigmund
  6067 | D:6      | Found a staircase to the Ecumenical Temple.
  6316 | D:6      | Found a shadowy altar of Dithmenos.
  6764 | D:6      | HP: 3/86 [something (17)]
  6765 | D:6      | Engulfed by a cloud of freezing vapour

Illustrated notes

Levels and vault maps discovered:
D:1:      lemuel_arrival_tunnels, layout_basic, minmay_crystal_room,
          minmay_tetromino_s4
D:2:      layout_basic, minmay_misc_feat_square, uniq_jessica
D:3:      layout_basic, gup_sewer_entry_pipe, first_ration, uniq_ijyb
D:4:      layout_layer_cave, serial_forest, infiniplex_forest_lined_3,
          infiniplex_forest_corner_2, infiniplex_forest_clump_diagonal,
          infiniplex_forest_clump_large, nrook_loot_triangle,
          grunt_ministairs_12, st_stairs_8, minmay_lizard_king
D:5:      layout_cave_pools, basic_altar, uniq_edmund
D:6:      lemuel_ice_spiral_2, layout_basic, minmay_temple_entry_mini_moons,
          nicolae_dithmenos_through_a_glass_darkly, uniq_eustachio, uniq_sigmund

Skill      XL: |  1  2  3  4  5  6  7  8  9 |
---------------+----------------------------+-----
Fighting       | 4 5 6 8 10 | 10.7
Axes           | 4 5 6 7 8 9 |  9.0
Armour         | 3 4 5 |  5.8
Dodging        | 3 |  3.9
Maces & Flails | |  0.4

Action                   |  1- 3 |  4- 6 |  7- 9 || total
-------------------------+-------+-------+-------++-------
Melee: Hand axe          |    61 |   117 |   186 ||   364
       Headbutt          |    15 |    17 |    32 ||    64
       Mace              |    18 |       |       ||    18
 Stab: Sleeping          |     1 |       |       ||     1
  Eat: Chunk             |     2 |     5 |    11 ||    18
Armor: Scale mail        |    25 |    49 |    28 ||   102
       Animal skin       |     1 |       |       ||     1
       Chain mail        |       |       |    25 ||    25
Dodge: Dodged            |    45 |    62 |   102 ||   209

Table legend:
 A = Non-vault XP
 B = Vault XP
 C = Vault XP percentage of total XP
 D = Non-vault monster count
 E = Vault monster count
 F = Vault count percentage of total count
                 A         B        C        D         E       F
            +---------+---------+-------+---------+---------+-------
      Total |    1560 |    1677 |  51.8 |     125 |      51 |  29.0
            +---------+---------+-------+---------+---------+-------
        D:1 |      41 |       2 |   4.7 |      22 |       2 |   8.3
        D:2 |      90 |      37 |  29.1 |      20 |       1 |   4.8
        D:3 |     144 |      45 |  23.8 |      30 |       5 |  14.3
        D:4 |     386 |     304 |  44.1 |      27 |      12 |  30.8
        D:5 |     590 |     166 |  22.0 |      15 |       1 |   6.2
        D:6 |     309 |     410 |  57.0 |      11 |       2 |  15.4
      Sewer |       0 |     713 | 100.0 |       0 |      28 | 100.0
            +---------+---------+-------+---------+---------+-------
